 Dungeon Sprint DCSS version 0.16.2-12-gd0ad4c3 (webtiles) character file.

15843 musteatbrain the Executioner (level 12, -7/130 HPs)
             Began as a Minotaur Berserker on Oct 15, 2015.
             Was the Champion of Trog.
             Killed from afar by an ice dragon (38 damage)
             ... with a blast of cold
             ... in the Dungeon (Sprint IX: "|||||||||||||||||||||||||||||").
             The game lasted 00:11:24 (2211 turns).

musteatbrain the Executioner (Minotaur Berserker)   Turns: 2211, Time: 00:11:24

Health: -7/130     AC: 26    Str: 28      XL:     12   Next: 4%
Magic:  5/5        EV: 11    Int:  3 (4)  God:    Trog [******]
Gold:   1760       SH:  0    Dex: 11      Spells: 0 memorised, 11 levels left

rFire  . . .     SeeInvis .     y - +3 battleaxe (distort)
rCold  . . .     Clarity  .     O - +2 plate armour {MR+}
rNeg   . . .     SustAb   .     (no shield)
rPois  .         Gourm    .     s - +2 hat {MR+}
rElec  .         Spirit   .     Q - +1 cloak
rCorr  .         Warding  .     p - +0 pair of gloves
rMut   .         NoTele   +     o - +0 pair of boots
MR     ++++.                    (no amulet)
Stlth  ..........               H - +2 ring of strength
                                r - +2 ring of protection

@: exhausted, regenerating, slowed, very slow, incredibly resistant to hostile
enchantments, extremely unstealthy
A: retaliatory headbutt, horns 2
a: Burn Spellbooks, Berserk, Trog's Hand, Brothers in Arms, Renounce Religion


You were in the Dungeon.
You worshipped Trog.
Trog was exalted by your worship.
You were not hungry.

You visited 1 branch You collected 1850 gold pieces.
You spent 90 gold pieces at shops.

Inventory:

Hand weapons
 b - a +2 battleaxe of electrocution
 n - a +1 broad axe of chopping
 y - a +3 battleaxe of distortion (weapon)
 z - a +3 antimagic war axe
 A - a +1 battleaxe of venom
 F - a +1 antimagic executioner's axe
 G - a +4 battleaxe of chopping
 I - a +4 antimagic battleaxe
Missiles
 j - 5 tomahawks of dispersal (quivered)
Armour
 o - a +0 pair of boots (worn)
 p - a +0 pair of gloves (worn)
 s - a +2 hat of magic resistance (worn)
 E - a +0 cloak
 O - a +2 plate armour of magic resistance (worn)
 Q - a +1 cloak (worn)
Jewellery
 r - a +2 ring of protection (left hand)
 H - a +2 ring of strength (right hand)
 K - an uncursed ring of protection from magic
 L - an uncursed ring of protection from magic
Magical devices
 m - a wand of cold (7)
Scrolls
 e - 2 scrolls of enchant weapon
 i - 3 scrolls of blinking
 l - 5 scrolls of remove curse
 q - a scroll of fear
 v - 5 scrolls of enchant armour
 w - a scroll of fog
 x - a scroll of recharging
Potions
 a - 2 potions of heal wounds
 c - 2 potions of might
 d - 6 potions of curing
 f - a potion of haste
 g - 4 potions of magic
 h - 2 potions of berserk rage
 k - a potion of invisibility
 t - a potion of resistance
 u - a potion of brilliance
Comestibles
 B - 11 meat rations
 C - 40 fruits
 D - 12 bread rations


   Skills:
 + Level 19.3 Fighting
 * Level 24.2 Axes
 - Level 10.4 Armour
 - Level 9.6 Dodging


You had 11 spell levels left.
You didn't know any spells.

Dungeon Overview and Level Annotations

Branches:
Dungeon (1/1)

Altars:
Cheibriados
Dithmenos
Elyvilon
Fedhas
Gozag
Kikubaaqudgha
Makhleb
Nemelex Xobeh
Okawaru
Qazlal
Ru
Sif Muna
Trog
Vehumet
Xom
Yredelemnul
Zin
The Shining One
Beogh
Jiyva
Lugonu

Shops:
D ?=!}


Innate Abilities, Weirdness & Mutations

You reflexively headbutt those who attack you in melee.
You have a pair of horns on your head.


Message History

You open the death yak like a pillowcase!!!
You headbutt the death yak, but do no damage.
The death yak is heavily wounded.
The death yak gores you.
You slash the death yak!
Space bends around the death yak.
The death yak is severely wounded.
The death yak disappears!
The ice dragon breathes frost at you. The blast of cold hits you!
The blast of cold hits your hill giant.
Unknown command.
The ice dragon breathes frost at you.
The blast of cold hits the ice dragon.
The ice dragon resists.
The blast of cold hits you!
* * * LOW HITPOINT WARNING * * *
The blast of cold hits your hill giant.
Your hill giant dies!
Your hill giant's corpse disappears in a puff of smoke!
The ice dragon breathes frost at you. The blast of cold hits you!
You die...

.'........)'..........[['..[[[[..
▓▓▓▓▓▓▓▓▓▓▓▓▓▓▓▓▓▓▓▓▓▓▓▓▓▓▓▓▓▓▓▓▓
.................................
▓▓▓▓▓▓▓▓▓▓▓▓▓▓▓▓▓▓▓▓▓▓▓▓▓▓▓▓▓▓▓▓▓
).......).).[...∩.∩(∩.∩.....'....
▓▓▓▓▓▓▓▓▓▓▓▓▓▓▓▓▓▓▓▓▓▓▓▓▓▓▓▓▓▓▓▓▓
.....................†...........
▓▓▓▓▓▓▓▓▓▓▓▓▓▓▓▓▓▓▓▓▓▓▓▓▓▓▓▓▓▓▓▓▓
[!..........)..§@DD......
▓▓▓▓▓▓▓▓▓▓▓▓▓▓▓▓▓▓▓▓▓▓▓▓▓


You could see 2 ice dragons.

Vanquished Creatures
  Gastronok (D)
  A stone giant (D)
  An ettin (D)
  3 ogre magi (D)
  A deep troll shaman (D)
  3 deep trolls (D)
  2 orc knights (D)
  A hill giant (D)
  3 lindwurms (D)
  A manticore (D)
  2 ugly things (D)
  A black mamba (D)
  A spiny frog (D)
  A freezing wraith (D)
  2 trolls (D)
  Sonja (D)
  A wraith (D)
  A yak (D)
  A porcupine (D)
  2 water moccasins (D)
  8 orc warriors (D)
  2 ogres (D)
  A centaur (D)
  2 brain worms (D)
  A crocodile (D)
  2 giant frogs (D)
  A scorpion (D)
  A jelly (D)
  4 orc wizards (D)
  3 orc priests (D)
  A quasit (D)
  3 hounds (D)
  A worker ant (D)
  2 iguanas (D)
  An adder (D)
  A shadow imp (D)
  2 worms (D)
  An adder skeleton (D)
  8 orcs (D)
  A bat skeleton (D)
  A giant cockroach (D)
  2 goblins (D)
  A hobgoblin (D)
  A jackal (D)
  2 kobolds (D)
  A quokka (D)
  2 bats (D)
  A rat (D)
87 creatures vanquished.

Vanquished Creatures (others)
  An ogre mage (D)
  2 hill giants (D)
  A black mamba (D)
  A spiny frog (D)
  A troll (D)
6 creatures vanquished.

Grand Total: 93 creatures vanquished

Notes
Turn   | Place    | Note
--------------------------------------------------------------
     0 | D        | musteatbrain, the Minotaur Berserker, began the quest for the Orb.
     0 | D        | Reached XP level 1. HP: 19/19 MP: 1/1
     8 | D        | Acquired Trog's second power
     8 | D        | Reached skill level 4 in Fighting
    26 | D        | Reached XP level 2. HP: 20/28 MP: 1/1
    28 | D        | Acquired Trog's third power
    40 | D        | Received a gift from Trog
   247 | D        | Found a glowing silver altar of Zin.
   247 | D        | Found a glowing golden altar of the Shining One.
   247 | D        | Found an ancient bone altar of Kikubaaqudgha.
   247 | D        | Found a basalt altar of Yredelemnul.
   247 | D        | Found a shimmering altar of Xom.
   247 | D        | Found a radiant altar of Vehumet.
   247 | D        | Found an iron altar of Okawaru.
   248 | D        | Found a burning altar of Makhleb.
   249 | D        | Found a deep blue altar of Sif Muna.
   250 | D        | Found a bloodstained altar of Trog.
   251 | D        | Found a sparkling altar of Nemelex Xobeh.
   252 | D        | Found a white marble altar of Elyvilon.
   253 | D        | Found a roughly hewn altar of Beogh.
   254 | D        | Found a viscous altar of Jiyva.
   255 | D        | Found a corrupted altar of Lugonu.
   256 | D        | Found a blossoming altar of Fedhas.
   257 | D        | Found a snail-covered altar of Cheibriados.
   258 | D        | Found a shadowy altar of Dithmenos.
   259 | D        | Found a stormy altar of Qazlal.
   260 | D        | Found an opulent altar of Gozag.
   263 | D        | Found a sacrificial altar of Ru.
   339 | D        | Noticed a centaur
   339 | D        | Noticed a yak
   339 | D        | Noticed a worker ant
   345 | D        | Killed a centaur
   345 | D        | Reached skill level 6 in Fighting
   345 | D        | Reached skill level 5 in Armour
   345 | D        | Reached skill level 5 in Dodging
   345 | D        | Reached XP level 3. HP: 38/38 MP: 2/2
   345 | D        | Reached XP level 4. HP: 45/45 MP: 2/2
   347 | D        | Killed a yak
   347 | D        | Reached skill level 8 in Fighting
   347 | D        | Reached XP level 5. HP: 53/53 MP: 2/2
   349 | D        | Killed a worker ant
   349 | D        | Reached XP level 6. HP: 62/62 MP: 3/3
   380 | D        | Received a gift from Trog
   392 | D        | Noticed a hound
   392 | D        | Noticed a white ugly thing
   392 | D        | Noticed an ogre
   392 | D        | Noticed an ogre
   395 | D        | Killed a hound
   403 | D        | Killed a white ugly thing
   403 | D        | Reached skill level 10 in Fighting
   403 | D        | Reached skill level 10 in Axes
   403 | D        | Reached XP level 7. HP: 53/72 MP: 3/3
   412 | D        | Killed an ogre
   412 | D        | Reached skill level 10 in Armour
   417 | D        | Killed an ogre
   669 | D        | Noticed a water moccasin
   669 | D        | Noticed a scorpion
   669 | D        | Noticed an iguana
   669 | D        | Noticed an iguana
   669 | D        | Noticed a giant frog
   669 | D        | Noticed a porcupine
   671 | D        | Killed a water moccasin
   671 | D        | Reached skill level 11 in Axes
   673 | D        | Noticed a black mamba
   674 | D        | Killed a scorpion
   676 | D        | Received a gift from Trog
   679 | D        | Noticed a spiny frog
   682 | D        | Killed an iguana
   682 | D        | Reached XP level 8. HP: 69/82 MP: 3/3
   684 | D        | Killed an iguana
   686 | D        | Killed a giant frog
   689 | D        | Killed a porcupine
   689 | D        | Reached skill level 12 in Axes
   695 | D        | Killed a black mamba
   695 | D        | Reached skill level 13 in Axes
   697 | D        | Killed a spiny frog
   697 | D        | Reached skill level 14 in Axes
   909 | D        | Noticed a giant frog
   909 | D        | Noticed a wolf
   909 | D        | Noticed a spiny frog
   909 | D        | Noticed a crocodile
   909 | D        | Noticed a hound
   909 | D        | Noticed a death yak
   909 | D        | Noticed a black mamba
   912 | D        | Noticed a water moccasin
   913 | D        | Killed a giant frog
   913 | D        | Received a gift from Trog
   917 | D        | Banished a spiny frog
   917 | D        | Reached skill level 15 in Axes
   917 | D        | Reached XP level 9. HP: 93/93 MP: 4/4
   919 | D        | Killed a crocodile
   921 | D        | Killed a hound
   922 | D        | Noticed a hound
   924 | D        | Banished a black mamba
   927 | D        | Killed a water moccasin
   927 | D        | Reached skill level 16 in Axes
   930 | D        | Killed a hound
   972 | D        | Noticed a lindwurm
   972 | D        | Noticed a lindwurm
   972 | D        | Noticed a lindwurm
   972 | D        | Noticed a brain worm
   972 | D        | Noticed a brain worm
   975 | D        | Killed a lindwurm
   977 | D        | Killed a lindwurm
   977 | D        | Received a gift from Trog
   977 | D        | Reached skill level 17 in Axes
   982 | D        | Killed a lindwurm
   982 | D        | Reached XP level 10. HP: 104/104 MP: 4/4
   984 | D        | Noticed a brain worm
   984 | D        | Killed a brain worm
   984 | D        | Reached skill level 15 in Fighting
   984 | D        | Reached skill level 18 in Axes
   986 | D        | Killed a brain worm
  1008 | D        | Received a gift from Trog
  1186 | D        | Noticed an orc priest
  1186 | D        | Noticed an orc warrior
  1186 | D        | Noticed an orc wizard
  1186 | D        | Noticed an orc wizard
  1188 | D        | Noticed an orc wizard
  1188 | D        | Killed an orc priest
  1190 | D        | Noticed an orc wizard
  1193 | D        | Noticed an orc warrior
  1193 | D        | Killed an orc wizard
  1198 | D        | Killed an orc wizard
  1202 | D        | Noticed an orc priest
  1203 | D        | Killed an orc wizard
  1203 | D        | Received a gift from Trog
  1207 | D        | Killed an orc warrior
  1213 | D        | Killed an orc wizard
  1214 | D        | Killed an orc priest
  1230 | D        | Received a gift from Trog
  1259 | D        | Noticed an orc priest
  1259 | D        | Noticed an orc warrior
  1259 | D        | Noticed an orc knight
  1259 | D        | Noticed an orc warrior
  1259 | D        | Noticed an orc warrior
  1259 | D        | Noticed an orc warrior
  1259 | D        | Noticed an orc warrior
  1263 | D        | Killed an orc priest
  1270 | D        | Killed an orc knight
  1271 | D        | Noticed an orc knight
  1275 | D        | Noticed an orc warrior
  1275 | D        | Killed an orc warrior
  1277 | D        | Killed an orc warrior
  1277 | D        | Reached skill level 19 in Axes
  1278 | D        | Noticed an orc warrior
  1280 | D        | Killed an orc warrior
  1288 | D        | Killed an orc knight
  1288 | D        | Received a gift from Trog
  1290 | D        | Killed an orc warrior
  1296 | D        | Killed an orc warrior
  1297 | D        | Killed an orc warrior
  1307 | D        | Received a gift from Trog
  1330 | D        | Found Thoga's Magic Scroll Emporium.
  1330 | D        | Noticed a hill giant
  1330 | D        | Noticed a deep troll
  1330 | D        | Noticed an ogre mage
  1330 | D        | Noticed a deep troll
  1330 | D        | Noticed a troll
  1330 | D        | Noticed an ogre mage
  1332 | D        | Noticed a troll
  1334 | D        | Noticed a deep troll
  1335 | D        | Killed a hill giant
  1336 | D        | Killed an ogre mage
  1336 | D        | Reached skill level 20 in Axes
  1337 | D        | Killed a deep troll
  1338 | D        | Found Stidu's Jewellery Shoppe.
  1341 | D        | Killed a deep troll
  1341 | D        | Received a gift from Trog
  1341 | D        | Reached XP level 11. HP: 117/117 MP: 4/4
  1343 | D        | Killed a troll
  1343 | D        | Reached skill level 21 in Axes
  1345 | D        | Killed an ogre mage
  1346 | D        | Found Tohielekikk's Distillery.
  1347 | D        | Killed a troll
  1350 | D        | Killed a deep troll
  1350 | D        | Received a gift from Trog
  1353 | D        | Found Froamang's Gadget Shoppe.
  1367 | D        | Noticed an ogre mage
  1369 | D        | Noticed an ogre mage
  1369 | D        | Noticed a hill giant
  1370 | D        | Noticed an ogre mage
  1371 | D        | Noticed a stone giant
  1376 | D        | Banished an ogre mage
  1376 | D        | Reached skill level 22 in Axes
  1380 | D        | Banished a hill giant
  1382 | D        | Killed an ogre mage
  1400 | D        | Killed a stone giant
  1599 | D        | Bought a +2 ring of strength for 90 gold pieces
  1702 | D        | Noticed Gastronok
  1723 | D        | Killed Gastronok
  1723 | D        | Reached skill level 23 in Axes
  1780 | D        | Noticed Sonja
  1785 | D        | Killed Sonja
  2099 | D        | Got the +3 hand axe of Virtue {venom, Int+6 Dex-4}
  2167 | D        | Noticed a freezing wraith
  2167 | D        | Noticed a jelly
  2167 | D        | Noticed a quasit
  2167 | D        | Noticed a white ugly thing
  2167 | D        | Noticed a manticore
  2167 | D        | Noticed a wraith
  2167 | D        | Noticed a giant frog
  2171 | D        | Killed a freezing wraith
  2172 | D        | Killed a jelly
  2173 | D        | Noticed an orc warrior
  2174 | D        | Killed a quasit
  2180 | D        | Killed a white ugly thing
  2180 | D        | Received a gift from Trog
  2181 | D        | Noticed a fire dragon
  2184 | D        | Killed a manticore
  2185 | D        | Noticed an ettin
  2185 | D        | Noticed an ettin
  2187 | D        | Killed a wraith
  2188 | D        | Noticed a deep troll shaman
  2192 | D        | Noticed a death yak
  2193 | D        | Killed an orc warrior
  2195 | D        | Noticed an ice dragon
  2197 | D        | Noticed an ice dragon
  2201 | D        | Killed an ettin
  2201 | D        | Reached skill level 24 in Axes
  2207 | D        | Killed a deep troll shaman
  2207 | D        | Reached XP level 12. HP: 52/130 MP: 5/5
  2211 | D        | Killed from afar by an ice dragon

Action                   |  1- 3 |  4- 6 |  7- 9 | 10-12 || total
-------------------------+-------+-------+-------+-------++-------
Melee: Hand axe          |    18 |       |       |       ||    18
       Broad axe         |     4 |    16 |    38 |       ||    58
       Battleaxe         |       |       |    24 |   141 ||   165
Invok: Berserk           |     1 |     1 |     3 |     4 ||     9
       Trog's Hand       |       |       |     3 |     7 ||    10
       Brothers in Arms  |       |       |       |     2 ||     2
  Use: Potion            |       |       |     1 |     1 ||     2
  Eat: Bread ration      |       |       |     1 |       ||     1
       Meat ration       |       |       |       |     2 ||     2
       Chunk             |       |       |       |     1 ||     1
